 Dungeon Crawl Stone Soup version 0.30-a0-883-g5ad918d77d (webtiles) character file.

Game seed: 8850049758826539902

273 cforsyth the Ogre Mage (level 6, 0/53 HPs)
             Began as an Ogre Fire Elementalist on Mar 16, 2023.
             Slain by a gnoll
             ... wielding a +0 flail
             ... led by a gnoll bouda
              (8 damage)
             ... on level 4 of the Dungeon.
             The game lasted 00:07:24 (3848 turns).

cforsyth the Ogre Mage (Ogre Fire Elementalist)     Turns: 3848, Time: 00:07:25

Health: 0/53       AC:  3    Str: 13    XL:     6   Next: 23%
Magic:  1/12       EV: 10    Int: 18    God:
Gold:   260        SH:  0    Dex:  9    Spells: 10/13 levels left

rFire   . . .      SeeInvis .    k - +0 broad axe (flame)
rCold   . . .      Faith    .    (no shield)
rNeg    . . .      Spirit   .    a - +0 robe
rPois   .          Reflect  .    (helmet restricted)
rElec   .          Rampage  .    (no cloak)
rCorr   .                        (gloves unavailable)
Will    .....                    (boots unavailable)
Stlth   ++                       (no amulet)
HPRegen 0.28/turn                (no ring)
MPRegen 0.13/turn                (no ring)

@: mighty, weakened
A: large, unfitting armour, tough skin 1
a: no special abilities


You were on level 4 of the Dungeon.
You visited 1 branch of the dungeon, and saw 4 of its levels.

You collected 260 gold pieces.

Inventory:

Hand Weapons
 k - a +0 broad axe of flaming (weapon)
Missiles
 c - a throwing net
Armour
 a - a +0 robe (worn)
Jewellery
 p - a ring of ice
Wands
 l - a wand of light (7)
 o - a wand of roots (8)
Scrolls
 e - a scroll of brand weapon
 f - 4 scrolls of identify {unknown}
Potions
 b - 2 potions of magic
 d - 2 potions of mutation {unknown}
 g - 2 potions of might
 i - a potion of attraction {unknown}
 j - 3 potions of curing
 m - a potion of cancellation {unknown}


   Skills:
 - Level 2.3 Dodging
 - Level 2.0 Stealth
 + Level 4.2 Spellcasting
 + Level 2.9 Conjurations
 + Level 4.0 Fire Magic


You had 10 spell levels left.
You knew the following spells:

 Your Spells              Type           Power      Damage    Failure   Level
a - Foxfire               Conj/Fire      64%        2x1d7     3%          1
b - Scorch                Fire           36%        2d6       4%          2

Your spell library contained the following spells:

 Spells                   Type           Power      Damage    Failure   Level
 Inner Flame              Hex/Fire       10%        N/A       19%         3
 Kindle Blastsparks       Fire/Tloc/Air  16%        2d11      26%         3
 Flame Wave               Conj/Fire      16%        2d7       34%         4


Dungeon Overview and Level Annotations

Branches:
Dungeon (4/15)
 Temple: D:4-7

Altars:
Hepliaklqana

Annotations:
D:3 1 runed translucent door, Crazy Yiuf
D:4 2 transporters


Innate Abilities, Weirdness & Mutations

You are too large for most types of armour.
You have tough skin. (AC +1)


Message History

Unknown command.
You hit the gnoll bouda but do no damage.
The gnoll bouda is heavily wounded.
You hit the gnoll but do no damage.
The gnoll bouda is no longer more vulnerable to fire.
The gnoll bouda hits you with a +0 club.
The gnoll hits you with a +0 club.
The gnoll bouda hits you with a +0 club!
The gnoll hits you but does no damage.
Okay, then.
It was a potion of might.
You feel very mighty all of a sudden.
Your attacks no longer feel as feeble.
An endoplasm comes into view.
The gnoll bouda hits you with a +0 club.
You hit the gnoll bouda. You burn the gnoll bouda.
The gnoll bouda is severely wounded.
You closely miss the gnoll. The gnoll hits you with a +0 club.
The gnoll bouda prays to its god.
The gnoll bouda is healed somewhat.
The gnoll hits you with a +0 flail.
* * * LOW HITPOINT WARNING * * *
The gnoll misses you.
The gnoll bouda barks out a call to the hunt!
The gnoll picks up the pace!
The gnoll shouts!
You barely miss the gnoll bouda.
The gnoll bouda is heavily wounded.
You slash the gnoll! You burn the gnoll. You closely miss the gnoll.
The gnoll hits you with a +0 flail.
* * * LOW HITPOINT WARNING * * *
The gnoll closely misses you.
The gnoll bouda hits you with a +0 club!
* * * LOW HITPOINT WARNING * * *
The gnoll barely misses you.
You feel much better. The gnoll barely misses you.
The gnoll bouda gazes fiercely through you!
You feel your attacks grow feeble.
The gnoll bouda hits you with a +0 club!
* * * LOW HITPOINT WARNING * * *
The gnoll hits you with a +0 flail!
You die...

....# #.#**.##.**,,***,*,,*
..#.#########.##§....,*,*+,,,*,,*
............#.'§h.#+*,,,*,,,,*,,*
.##########.#.#****,**,,*,,,**,,*
.# #.#.#,,*,,,**,*,,,**,,* .#
#.#.#*,,,,,,*,*,****,,* .#
#.#.#########'******,,* ##
#...Jgg.......,,,,,,,,*
##.ggg@.......,,,,,,,,*
#############*********


You could see a gnoll bouda, 3 gnolls, an endoplasm and a hobgoblin.

Vanquished Creatures
  An ogre (D:4)
  A hound (D:4)
  6 adders
  4 gnolls (D:2)
  An ufetubus (D:3)
  A worm (D:4)
  3 orcs (D:3)
  4 endoplasms
  2 giant cockroaches
  2 hobgoblins (D:4)
  3 jackals (D:3)
  6 kobolds
  2 quokkas
  4 ball pythons
  5 bats
  2 frilled lizards
  8 goblins
  5 rats
60 creatures vanquished.

Vanquished Creatures (others)
  261 foxfires
261 creatures vanquished.

Grand Total: 321 creatures vanquished

Notes
Turn   | Place    | Note
-------+----------+-------------------------------------------
     0 | D:1      | cforsyth the Ogre Fire Elementalist began the quest for the
                  | Orb.
     0 | D:1      | Reached XP level 1. HP: 16/16 MP: 3/3
    90 | D:1      | Reached skill level 1 in Conjurations
   153 | D:1      | Reached XP level 2. HP: 24/24 MP: 1/5
   980 | D:2      | Reached XP level 3. HP: 23/31 MP: 1/7
  1713 | D:2      | Reached XP level 4. HP: 39/39 MP: 4/8
  1920 | D:3      | Found a runed translucent door.
  1921 | D:3      | Noticed Crazy Yiuf
  2551 | D:3      | Reached XP level 5. HP: 45/45 MP: 4/10
  3063 | D:4      | Found a hazy altar of Hepliaklqana.
  3105 | D:4      | Found a transporter.
  3179 | D:4      | Noticed an ogre
  3236 | D:3      | Learned a level 2 spell: Scorch
  3439 | D:4      | Killed an ogre
  3440 | D:4      | Reached XP level 6. HP: 53/53 MP: 2/12
  3521 | D:4      | Found a transporter.
  3847 | D:4      | HP: 2/53 [gnoll bouda/+0 club (8)]
  3848 | D:4      | Slain by a gnoll

Illustrated notes

Levels and vault maps discovered:
D:1:      matt_arrival_spirals, layout_basic
D:2:      layout_rooms
D:3:      layout_basic, minmay_fractal_squares_gapless_5,
          uniq_crazy_yiuf_cottage
D:4:      gammafunk_steamed_eel, layout_loops_ring,
          mainiacjoe_overflow_24_doors, minmay_pentangle

Skill      XL: |  1  2  3  4  5  6 |
---------------+-------------------+-----
Conjurations   | 1 2 |  2.9
Dodging        | 2 |  2.3
Fire Magic     | 3 4 |  4.0
Spellcasting   | 3 4 |  4.2
Stealth        | 2 |  2.0

Action                     |  1- 3 |  4- 6 || total
---------------------------+-------+-------++-------
  Melee: Unarmed           |     7 |       ||     7
         Broad axe         |       |     6 ||     6
   Cast: Foxfire           |    66 |    82 ||   148
         Scorch            |       |    10 ||    10
    Use: Scroll            |       |     6 ||     6
         Potion            |       |     4 ||     4
 Armour: Robe              |     7 |     5 ||    12
  Dodge: Dodged            |    14 |    25 ||    39

Table legend: (Time is in decaauts)
 A = Elapsed time spent in this place.
 B = Non-inter-level travel time spent in this place.
 C = Inter-level travel time spent in this place.
 D = Time resting spent in this place.
 E = Time spent auto-exploring this place.
 F = Levels seen in this place.
 G = Mean time per level.
                   A        B        C        D        E       F      G
               +--------+--------+--------+--------+--------+-----+--------+
         Total |   3851 |   3714 |    137 |    234 |   2908 |   4 |  962.8 |
       Dungeon |   3851 |   3714 |    137 |    234 |   2908 |   4 |  962.8 |
               +--------+--------+--------+--------+--------+-----+--------+

Top non-repeatable levels by time:
     D:3: 1316 daAuts
     D:1: 965 daAuts
     D:2: 849 daAuts
     D:4: 720 daAuts
